 Dungeon Crawl Stone Soup version 0.29.1-1-gd02db6906a (webtiles) character file.

Game seed: 9612019817827477085

4591 safid the Skirmisher (level 10, 0/93 HPs)
             Began as a Minotaur Hunter on Oct 18, 2022.
             Was a Priest of Okawaru.
             Slain by Harold
             ... wielding a +0 war axe
              (15 damage)
             ... on level 9 of the Dungeon.
             The game lasted 00:19:18 (11053 turns).

safid the Skirmisher (Minotaur Hunter)             Turns: 11053, Time: 00:19:18

Health: 0/93       AC: 12    Str: 16    XL:     10   Next: 18%
Magic:  9/9        EV: 10    Int:  6    God:    Okawaru [***...]
Gold:   802        SH:  0    Dex: 16    Spells: 9/9 levels left

rFire   . . .      SeeInvis .   q - +0 arbalest
rCold   . . .      Faith    .   (shield currently unavailable)
rNeg    . . .      Spirit   .   j - +5 scale mail of Bohoud {Rampage rElec Dex-2}
rPois   .          Reflect  .   (helmet restricted)
rElec   +          Harm     .   (no cloak)
rCorr   .          Rampage  +   (no gloves)
Will    .....                   o - +0 pair of boots
Stlth   ..........              (no amulet)
HPRegen 0.25/turn               (no ring)
MPRegen 0.11/turn               (no ring)

@: marked
A: horns 2, retaliatory headbutt
a: Renounce Religion, Heroism


You were on level 9 of the Dungeon.
You worshipped Okawaru.
Okawaru was most pleased with you.
You visited 2 branches of the dungeon, and saw 10 of its levels.

You collected 851 gold pieces.
You spent 49 gold pieces at shops.

Inventory:

Hand Weapons
 q - a +0 arbalest (weapon)
Missiles
 u - a throwing net
Armour
 j - the +5 scale mail of Bohoud (worn) {Rampage rElec Dex-2}
   (You found it on level 2 of the Dungeon)

   Dex:       It affects your dexterity (-2).
   rElec:     It insulates you from electricity.
   Rampage:   It bestows one free step when moving towards enemies.
 o - a +0 pair of boots (worn)
Jewellery
 w - an amulet of magic regeneration
Wands
 m - a wand of digging (3)
 n - a wand of flame (25)
 p - a wand of iceblast (3)
Scrolls
 a - a scroll of silence {unknown}
 b - a scroll of identify
 d - a scroll of brand weapon {unknown}
 e - 2 scrolls of magic mapping {unknown}
 k - 4 scrolls of teleportation
 l - 3 scrolls of blinking
 r - 3 scrolls of amnesia {unknown}
 s - 4 scrolls of enchant armour
Potions
 c - a potion of brilliance
 f - 2 potions of curing
 g - a potion of might {unknown}
 h - a potion of flight {unknown}
 i - 2 potions of mutation {unknown}
 t - 2 potions of lignification
 v - a potion of berserk rage {unknown}


   Skills:
 - Level 10.0 Fighting
 + Level 14.2 Ranged Weapons
 - Level 2.1 Dodging
 - Level 0.7 Stealth


You had 9 spell levels left.
You didn't know any spells.
Your spell library contained the following spells:

 Spells                   Type           Power      Damage    Failure   Level
 Apportation              Tloc           0%         N/A       88%         1
 Necrotise                Necr           0%         1d4       88%         1
 Sublimation of Blood     Necr           0%         N/A       96%         2
 Wereblood                Tmut           0%         N/A       96%         2
 Conjure Flame            Conj/Fire      0%         6-21      99%         3
 Dazzling Flash           Conj/Hex       0%         N/A       99%         3
 Ignite Poison            Fire/Tmut/Pois 0%         N/A       99%         3
 Inner Flame              Hex/Fire       0%         N/A       99%         3
 Ozocubu's Armour         Ice            0%         N/A       99%         3
 Cause Fear               Hex            0%         N/A       100%        4
 Fulminant Prism          Conj/Hex       0%         3d6       100%        4
 Iskenderun's Mystic Bla  Conj/Tloc      0%         2d3       100%        4
 Petrify                  Tmut/Erth      0%         N/A       100%        4
 Sticky Flame             Conj/Fire      0%         2d3       100%        4
 Agony                    Necr           0%         N/A       100%        5
 Irradiate                Conj/Tmut      0%         3d11      100%        5
 Lee's Rapid Deconstruct  Erth           0%         3d5*      100%        5
 Metabolic Englaciation   Hex/Ice        0%         N/A       100%        5
 Silence                  Hex/Air        0%         N/A       100%        5
 Dragon Form              Tmut           0%         N/A       100%        7
 Discord                  Hex            0%         N/A       100%        8
 Summon Small Mammal      Summ           Unusable   N/A       N/A         1
 Simulacrum               Ice/Necr       Unusable   N/A       N/A         6
 Summon Hydra             Summ           Unusable   N/A       N/A         7
 Dragon's Call            Summ           Unusable   N/A       N/A         9

Dungeon Overview and Level Annotations

Branches:
Dungeon (9/15)             Temple (1/1) D:5             Orc (0/2) D:9
   Lair: D:8-11

Altars:
Ashenzari
Cheibriados
Dithmenos
Fedhas
Gozag
Hepliaklqana
Kikubaaqudgha
Makhleb
Nemelex Xobeh
Okawaru
Qazlal
Ru
Sif Muna
Uskayaw
Vehumet
Wu Jian
Xom
Yredelemnul
Zin
The Shining One

Shops:
D:1 !   D:5 (   D:7 (

Annotations:
D:2 1 runed translucent door, Crazy Yiuf
D:3 Sigmund
D:4 3 runed translucent doors, MatsuoBasho's ghost, weakling NaAM; TheGhostDragon952's ghost, amateur MiBe; TheSexyCheese's ghost, weakling HOBe; infinitevox's ghost, amateur DsCA
D:9 Harold


Innate Abilities, Weirdness & Mutations

You have a pair of horns on your head.
You reflexively headbutt those who attack you in melee.


Message History

The mark upon you grows brighter.
You shoot a bolt. The bolt hits Harold!
Harold is moderately wounded.
Harold hits you with a +0 war axe!
You are too injured to fight recklessly!
You are too injured to fight recklessly!
You are too injured to fight recklessly!
You are too injured to fight recklessly!
Fire: q) +0 arbalest
Press: ? - help, Q - select action, (/) - cycle Shift-Dir - straight line, f/p - Harold
Aim: Harold, wielding a +0 war axe, wearing a +0 scale mail and quivering a throwing net (moderately wounded, spells empowered, 77% to hit)
You shoot a bolt.
The bolt hits Harold but does no damage.
Harold is moderately wounded.
Harold hits you with a +0 war axe. Harold casts a spell at you.
The mark upon you grows brighter.
Fire: q) +0 arbalest
Press: ? - help, Q - select action, (/) - cycle Shift-Dir - straight line, f/p - Harold
Aim: Harold, wielding a +0 war axe, wearing a +0 scale mail and quivering a throwing net (moderately wounded, spells empowered, 77% to hit)
You shoot a bolt.
The bolt hits Harold but does no damage.
Harold is moderately wounded.
Harold closely misses you. You furiously retaliate!
You headbutt Harold.
Fire: q) +0 arbalest
Press: ? - help, Q - select action, (/) - cycle Shift-Dir - straight line, f/p - Harold
Aim: Harold, wielding a +0 war axe, wearing a +0 scale mail and quivering a throwing net (moderately wounded, spells empowered, 77% to hit)
You shoot a bolt.
The bolt hits Harold but does no damage.
Harold is moderately wounded.
Harold hits you with a +0 war axe!
Fire: q) +0 arbalest
Press: ? - help, Q - select action, (/) - cycle Shift-Dir - straight line, f/p - Harold
Aim: Harold, wielding a +0 war axe, wearing a +0 scale mail and quivering a throwing net (moderately wounded, spells empowered, 77% to hit)
You shoot a bolt. The bolt hits Harold!!
Harold is severely wounded.
Harold hits you with a +0 war axe!
* * * LOW HITPOINT WARNING * * *
Harold hits you with a +0 war axe!
You die...

########
#......#
#.####@#
#####.####@#
#.[.....##.#
#.###.#.##.#
# #.......
#......>
#.#..##.#
#.##.# .#
#.# .#


You could see Harold (empowered).

Vanquished Creatures
  A two-headed ogre (D:8)
  Prince Ribbit (D:5)
  Grinder (D:5)
  Eustachio (D:5)
  2 water moccasins
  Duvessa (D:4)
  A sky beast (D:4)
  2 ice beasts
  2 orc warriors
  5 centaurs
  3 ogres
  2 phantoms (D:6)
  A kobold brigand (D:7)
  2 bullfrogs
  A gnoll sergeant (D:8)
  3 scorpions
  A wight (D:7)
  Dowan (D:4)
  6 howler monkeys
  3 hounds
  2 centaur zombies (D:7)
  2 orc priests
  A gnoll bouda (D:6)
  A jelly (D:6)
  Ijyb (D:3)
  5 iguanas
  5 orc wizards
  A killer bee zombie (D:7)
  Robin (D:3)
  A howler monkey zombie (D:7)
  22 gnolls
  8 adders
  A shadow imp (D:6)
  A white imp (D:6)
  4 ufetubi
  A worm (D:3)
  4 dart slugs
  26 orcs
  8 bats
  5 endoplasms
  3 giant cockroaches
  15 goblins
  11 hobgoblins
  12 jackals
  12 kobolds
  3 quokkas
  7 ball pythons
  A frilled lizard (D:1)
  3 rats
207 creatures vanquished.

Vanquished Creatures (others)
  A phantom (D:6)
  2 withered plants (D:7)
3 creatures vanquished.

Grand Total: 210 creatures vanquished

Notes
Turn   | Place    | Note
-------+----------+-------------------------------------------
     0 | D:1      | safid the Minotaur Hunter began the quest for the Orb.
     0 | D:1      | Reached XP level 1. HP: 18/18 MP: 0/0
   136 | D:1      | Found Ylagiq's Distillery.
   251 | D:1      | Reached XP level 2. HP: 26/26 MP: 1/1
   283 | D:1      | Found a faded altar of an unknown god.
   680 | D:2      | Reached skill level 5 in Ranged Weapons
   680 | D:2      | Reached XP level 3. HP: 17/31 MP: 2/2
   875 | D:2      | Identified the +5 scale mail of Bohoud {Rampage rElec
                  | Dex-2}
   934 | D:2      | Found a runed translucent door.
   935 | D:2      | Noticed Crazy Yiuf
  1333 | D:3      | Found a snail-covered altar of Cheibriados.
  1334 | D:3      | Identified the +1 leather armour "Paenwymy" {rC+}
  1398 | D:3      | Reached XP level 4. HP: 40/40 MP: 3/3
  1542 | D:3      | Noticed Robin
  1896 | D:3      | Killed Robin
  1897 | D:3      | Reached XP level 5. HP: 46/47 MP: 4/4
  2054 | D:3      | Noticed Ijyb
  2062 | D:3      | Killed Ijyb
  2063 | D:3      | Reached skill level 5 in Fighting
  2063 | D:3      | Reached skill level 6 in Ranged Weapons
  2244 | D:3      | Noticed Sigmund
  3489 | D:4      | Found a runed translucent gate.
  3489 | D:4      | Found a runed translucent gate.
  3489 | D:4      | Found a runed translucent gate.
  3490 | D:4      | Noticed infinitevox's ghost (amateur DsCA)
  3490 | D:4      | Noticed TheSexyCheese's ghost (weakling HOBe)
  3492 | D:4      | Noticed MatsuoBasho's ghost (weakling NaAM)
  3492 | D:4      | Noticed TheGhostDragon952's ghost (amateur MiBe)
  3614 | D:4      | Noticed a sky beast
  3622 | D:4      | Reached XP level 6. HP: 44/57 MP: 5/5
  3636 | D:4      | Killed a sky beast
  3831 | D:4      | Reached skill level 7 in Ranged Weapons
  3838 | D:3      | Reached XP level 7. HP: 15/64 MP: 6/6
  4298 | D:4      | Noticed Dowan
  4697 | D:4      | Found an opulent altar of Gozag.
  5149 | D:4      | Noticed Duvessa
  5170 | D:4      | Killed Duvessa
  5171 | D:4      | Reached skill level 8 in Ranged Weapons
  5174 | D:4      | Killed Dowan
  5354 | D:5      | Entered Level 5 of the Dungeon
  5446 | D:5      | Noticed Prince Ribbit
  5960 | D:5      | Killed Prince Ribbit
  5961 | D:5      | Reached XP level 8. HP: 16/75 MP: 7/7
  6244 | D:5      | Found a staircase to the Ecumenical Temple.
  6251 | Temple   | Entered the Ecumenical Temple
  6426 | Temple   | Became a worshipper of Warmaster Okawaru
  6495 | D:5      | Noticed Eustachio
  6714 | D:5      | Noticed Grinder
  6716 | D:5      | Paralysed by Grinder for 4 turns
  6722 | D:5      | Paralysed by Grinder for 5 turns
  6732 | D:5      | Paralysed by Grinder for 3 turns
  6738 | D:5      | Killed Grinder
  6739 | D:5      | Reached skill level 9 in Ranged Weapons
  6755 | D:5      | Killed Eustachio
  7138 | D:5      | Found Feulenu's Weapon Emporium.
  7142 | D:5      | Bought a +0 arbalest for 49 gold pieces
  7241 | D:5      | Reached * piety under Okawaru
  8137 | D:6      | Reached skill level 10 in Fighting
  8137 | D:6      | Reached skill level 10 in Ranged Weapons
  8157 | D:6      | Found a hazy altar of Hepliaklqana.
  8184 | D:6      | Reached XP level 9. HP: 58/85 MP: 8/8
  8326 | D:6      | Found a blossoming altar of Fedhas.
  8455 | D:6      | Reached skill level 11 in Ranged Weapons
  8572 | D:6      | Reached ** piety under Okawaru
  9138 | D:7      | Found an ornate altar of the Wu Jian Council.
  9263 | D:7      | Found a basalt altar of Yredelemnul.
  9265 | D:7      | Noticed a profane servitor
  9372 | D:7      | Identified the +5 mace of Light {vorpal, rElec MP+9 Str+3}
  9420 | D:7      | Found a glowing golden altar of the Shining One.
  9423 | D:7      | Reached skill level 12 in Ranged Weapons
  9434 | D:7      | Noticed an angel
  9731 | D:7      | Reached skill level 13 in Ranged Weapons
  9781 | D:7      | Found Jomoux's Antique Weapon Shoppe.
 10022 | D:8      | Found a shadowy altar of Dithmenos.
 10090 | D:8      | Reached *** piety under Okawaru
 10386 | D:8      | Noticed a two-headed ogre
 10394 | D:8      | Killed a two-headed ogre
 10395 | D:8      | Reached XP level 10. HP: 31/93 MP: 9/9
 10610 | D:8      | Reached skill level 14 in Ranged Weapons
 10674 | D:8      | Found a hide-covered altar of Uskayaw.
 11025 | D:9      | Found a staircase to the Orcish Mines.
 11039 | D:9      | Noticed Harold
 11053 | D:9      | Slain by Harold

Illustrated notes

Levels and vault maps discovered:
D:1:      matt_arrival_debris, layout_rooms, hellmonk_ecumenical_altar_zigzags,
          serial_shops, shop_statue, st_stairs_14
D:2:      layout_rooms, uniq_crazy_yiuf_cottage
D:3:      layout_rooms, mainiacjoe_overflow_cross_hatched, uniq_robin,
          uniq_sigmund, uniq_ijyb
D:4:      minmay_polygon_palace, layout_basic, kennysheep_little_box,
          gammafunk_ghost_cemetery, chequers_serial_rivers_micro_e, uniq_duvessa
D:5:      layout_loops_corners, minmay_temple_entry_junction, serial_shops,
          shop, uniq_grinder, uniq_prince_ribbit1, uniq_eustachio
D:6:      dreamdust_elfheim, layout_basic, mainiacjoe_overflow_small_starburst,
          overflow_temple_1_default
D:7:      layout_cave_pods, grunt_temple_overflow_holy_war,
          nicolae_wu_jian_wuxing_cycle, serial_undead, serial_undead_c,
          serial_undead_b, serial_undead_b, serial_undead_d, serial_shops,
          nicolae_stop_n_shop_1, kennysheep_small_circle
D:8:      layout_basic, grunt_dithmenos_smoke_and_mirrors,
          nicolae_overflow_crystal_walls, reono_crystal_passage
D:9:      layout_loops_cross, kennysheep_orc_monster_closet_entryway,
          uniq_harold
Temple:   grunt_temple_mini_profane

Skill      XL: |  1  2  3  4  5  6  7  8  9 10 |
---------------+-------------------------------+-----
Fighting       | 3 4 5 6 8 10 | 10.0
Ranged Weapons | 5 6 7 8 10 13 14 | 14.2
Dodging        | |  2.1
Stealth        | |  0.7

Action                   |  1- 3 |  4- 6 |  7- 9 | 10-12 || total
-------------------------+-------+-------+-------+-------++-------
Melee: Shortbow          |       |     1 |       |       ||     1
       Arbalest          |       |       |     1 |       ||     1
 Fire: Shortbow          |   122 |   182 |   217 |       ||   521
       Arbalest          |       |       |   248 |    46 ||   294
  Use: Potion            |       |     3 |     3 |       ||     6
       Scroll            |       |       |     8 |     1 ||     9
Armor: Scale mail        |    49 |   119 |   260 |    10 ||   438
Dodge: Dodged            |    43 |    95 |   241 |    18 ||   397
